[Event "Irish International Open 2019"]
[Site "Dublin"]
[Date "2019.04.21"]
[Round "8.15"]
[White "Flynn, Jacob"]
[Black "Daly, Colm"]
[Result "1/2-1/2"]
[ECO "E61"]
[WhiteElo "2011"]
[BlackElo "2278"]
[Annotator "ChessBase"]
[PlyCount "110"]
[EventDate "2019.02.28"]
[EventType "swiss"]
[EventCountry "IRL"]
[SourceTitle "playchess.com"]
[Source "ChessBase"]
[SourceQuality "1"]
[TimeControl "5400+30"]

1. d4 Nf6 2. Nf3 d6 3. c4 g6 4. Nc3 Bg7 5. Bg5 O-O 6. e3 Nbd7 7. Be2 e5 8. O-O h6 9. Bh4 c6 10. h3 Re8 11. Qc2 a6 12. b4 exd4 13. exd4 Nb6 14. c5 Bf5 15. Bd3 Bxd3 16. Qxd3 dxc5 17. bxc5 Nbd5 18. Nxd5 Qxd5 19. Bxf6 Bxf6 20. Rab1 Re7 21. Rb3 Rd8 22. Rfb1 Rdd7 23. a3 Kg7 24. Rb4 h5 25. R1b3 a5 26. Rb6 Bxd4 27. Qxd4+ Qxd4 28. Nxd4 Rxd4 29. Rxb7 Rd1+ 30. Kh2 Rxb7 31. Rxb7 Rc1 32. Rc7 Rxc5 33. h4 Rc4 34. Kh3 a4 35. f3 Kf6 36. g4 Ke6 37. Kg3 hxg4 38. fxg4 f5 39. g5 Rc3+ 40. Kf4 Rc4+ 41. Kg3 Ke5 42. Re7+ Kd5 43. Rd7+ Ke4 44. Re7+ Kd3 45. Rd7+ Ke3 46. Re7+ Kd2 47. Rd7+ Kc2 48. Rd6 c5 49. Rxg6 Rg4+ 50. Kh3 c4 51. h5 c3 52. h6 Rg1 53. Kh2 Rg4 54. Kh3 Rg1 55. Kh2 Rg4 1/2-1/2

[Event "Irish International Open 2019"]
[Site "Dublin"]
[Date "2019.04.21"]
[Round "8.17"]
[White "Duffy, Seamus"]
[Black "Schut, Han"]
[Result "1/2-1/2"]
[ECO "A01"]
[WhiteElo "1921"]
[BlackElo "2173"]
[Annotator "ChessBase"]
[PlyCount "75"]
[EventDate "2019.02.28"]
[EventType "swiss"]
[EventCountry "IRL"]
[SourceTitle "playchess.com"]
[Source "ChessBase"]
[SourceQuality "1"]
[TimeControl "5400+30"]

1. b3 d5 2. Bb2 c5 3. e3 a6 4. f4 Nf6 5. Nf3 g6 6. Be2 Bg7 7. O-O Nc6 8. Ne5 Bd7 9. d3 d4 10. Nxc6 Bxc6 11. e4 O-O 12. Bf3 Qc7 13. g3 b5 14. Nd2 Rad8 15. Qe2 e6 16. Bg2 Nd7 17. h4 h5 18. g4 hxg4 19. Qxg4 Nf6 20. Qg5 Nh5 21. Bh3 Kh7 22. Qxc5 Nxf4 23. Rf3 Bh6 24. Nf1 f5 25. Nh2 Nxh3+ 26. Rxh3 Be3+ 27. Rxe3 dxe3 28. Be5 Qd7 29. Qxe3 Kg8 30. Qg5 Qh7 31. h5 fxe4 32. Ng4 Qxh5 33. Nf6+ Rxf6 34. Qxf6 Qg4+ 35. Kh2 Qe2+ 36. Kg1 Qg4+ 37. Kh2 Qe2+ 38. Kg1 1/2-1/2

[Event "Irish International Open 2019"]
[Site "Dublin"]
[Date "2019.04.21"]
[Round "8.18"]
[White "Longson, Sarah N"]
[Black "Schmitz, Andreas Arnold"]
[Result "1-0"]
[ECO "C10"]
[WhiteElo "2123"]
[BlackElo "2003"]
[Annotator "NA"]
[PlyCount "57"]
[EventDate "2019.02.28"]
[EventType "swiss"]
[EventCountry "IRL"]
[SourceTitle "playchess.com"]
[Source "ChessBase"]
[SourceQuality "1"]
[TimeControl "5400+30"]

1. e4 e6 2. d4 d5 3. Nd2 Nf6 4. Bd3 dxe4 5. Nxe4 Bd7 6. Nf3 Nxe4 7. Bxe4 Bc6 8. Bd3 Nd7 9. c3 Qf6 10. Bg5 Bxf3 11. Qd2 Bxg2 12. Bxf6 Bxh1 13. Bh4 Bc6 14. c4 Nf6 15. Bxf6 gxf6 16. d5 Bd7 17. dxe6 fxe6 18. Qa5 Bd6 19. Be4 c6 20. Rd1 Be5 21. f4 Bxf4 22. Qh5+ Ke7 23. Qc5+ Ke8 24. Qd4 Rd8 25. Qxf6 Rf8 26. Qh4 e5 27. Bxh7 Kf7 28. Rd6 Kg7 29. Qe7+ 1-0

[Event "Irish International Open 2019"]
[Site "Dublin"]
[Date "2019.04.21"]
[Round "8.20"]
[White "Fox, Anthony"]
[Black "Halvorsen, Benjamin"]
[Result "1-0"]
[ECO "B01"]
[WhiteElo "2031"]
[BlackElo "1767"]
[Annotator "NA"]
[PlyCount "135"]
[EventDate "2019.02.28"]
[EventType "swiss"]
[EventCountry "IRL"]
[SourceTitle "playchess.com"]
[Source "ChessBase"]
[SourceQuality "1"]
[TimeControl "5400+30"]

1. e4 d5 2. exd5 Qxd5 3. Nc3 Qa5 4. d4 Nf6 5. Nf3 c6 6. Bc4 Bf5 7. Bd2 e6 8. Qe2 Qc7 9. O-O-O Bd6 10. Nh4 Bg6 11. g3 O-O 12. Nxg6 hxg6 13. h4 a5 14. h5 Nxh5 15. Rxh5 gxh5 16. Qxh5 Re8 17. Rh1 Kf8 18. Qh8+ Ke7 19. Qxg7 Kd8 20. Ne4 Bf8 21. Qf6+ Kc8 22. Rh7 Re7 23. Bf4 Nd7 24. Qxe7 Qxf4+ 25. gxf4 Bxe7 26. Rxf7 Kd8 27. Bxe6 b5 28. f5 Nf8 29. Rg7 Ra7 30. c3 b4 31. Kc2 bxc3 32. bxc3 a4 33. Rg8 Rb7 34. Nc5 Bxc5 35. dxc5 Ke8 36. Rg4 a3 37. Rb4 Rc7 38. Kb3 Nxe6 39. fxe6 Ke7 40. Re4 Ra7 41. f4 Ra8 42. f5 Kf6 43. Rf4 Ra5 44. Re4 Ra8 45. e7 Re8 46. Re6+ Kxf5 47. Rxc6 Rxe7 48. Kxa3 Ra7+ 49. Kb3 Ke5 50. Rd6 Ra5 51. a4 Rxc5 52. Rd4 Rc8 53. a5 Ra8 54. Ra4 Kd5 55. a6 Ra7 56. Kb4 Kc6 57. Ka5 Kc5 58. Rb4 Rh7 59. Rb8 Rh1 60. Rc8+ Kd6 61. Kb6 Rb1+ 62. Ka7 Rb3 63. Ka8 Kd7 64. Rc4 Ra3 65. a7 Rb3 66. Rb4 Rxc3 67. Kb7 Rc7+ 68. Ka6 1-0

[Event "Irish International Open 2019"]
[Site "Dublin"]
[Date "2019.04.21"]
[Round "8.21"]
[White "Kersten, Julian"]
[Black "Putar, Leon"]
[Result "1-0"]
[ECO "A45"]
[WhiteElo "1996"]
[BlackElo "1549"]
[Annotator "NA"]
[PlyCount "59"]
[EventDate "2019.02.28"]
[EventType "swiss"]
[EventCountry "IRL"]
[SourceTitle "playchess.com"]
[Source "ChessBase"]
[SourceQuality "1"]
[TimeControl "5400+30"]

1. d4 Nf6 2. Bg5 g6 3. Bxf6 exf6 4. c4 c6 5. Nc3 d5 6. cxd5 cxd5 7. e3 Nc6 8. g3 Be6 9. Nge2 Rc8 10. Bg2 Bb4 11. Qb3 O-O 12. O-O Bxc3 13. Nxc3 Ne7 14. Qxb7 Rb8 15. Qxa7 Rxb2 16. Rab1 Rd2 17. Qc5 Qd7 18. Qb4 Rc2 19. Qb3 Rd2 20. Rfc1 Bh3 21. Nxd5 Bxg2 22. Nxf6+ Kg7 23. Nxd7 Rd8 24. Qb4 Rxd7 25. Qxd2 Bh3 26. a4 Nf5 27. a5 Nh4 28. gxh4 g5 29. hxg5 Rd5 30. e4 1-0

[Event "Irish International Open 2019"]
[Site "Dublin"]
[Date "2019.04.21"]
[Round "8.22"]
[White "Mulligan, Scott"]
[Black "O`Connell, Kevin J."]
[Result "1/2-1/2"]
[ECO "C78"]
[WhiteElo "2006"]
[BlackElo "2328"]
[Annotator "ChessBase"]
[PlyCount "79"]
[EventDate "2019.02.28"]
[EventType "swiss"]
[EventCountry "IRL"]
[SourceTitle "playchess.com"]
[Source "ChessBase"]
[SourceQuality "1"]
[TimeControl "5400+30"]

1. e4 e5 2. Nf3 Nc6 3. Bb5 a6 4. Ba4 Nf6 5. d3 Bc5 6. O-O d6 7. c3 O-O 8. h3 h6 9. Nbd2 b5 10. Bc2 Nh7 11. Nb3 Ba7 12. d4 f6 13. Nh4 Ne7 14. Be3 g5 15. Nf5 Bxf5 16. exf5 Qe8 17. Qd2 d5 18. Rfe1 e4 19. g4 Nxf5 20. gxf5 Qh5 21. Qe2 Qxh3 22. Qf1 Qxf5 23. f3 Qxf3 24. Qxf3 exf3 25. Bf5 Rfe8 26. Kf2 Nf8 27. Rh1 Kg7 28. Rh3 Ng6 29. Bxg6 Kxg6 30. Rah1 Rh8 31. Rh5 Rae8 32. Kxf3 Bb6 33. Nc5 Bxc5 34. dxc5 c6 35. Bd4 Re4 36. a3 Rh7 37. Kf2 Re6 38. Be3 Re4 39. Kf3 Re6 40. Kf2 1/2-1/2

[Event "Irish International Open 2019"]
[Site "Dublin"]
[Date "2019.04.21"]
[Round "8.23"]
[White "Moran, Darragh"]
[Black "Murphy, Sean"]
[Result "1/2-1/2"]
[ECO "D10"]
[WhiteElo "1844"]
[BlackElo "1976"]
[Annotator "NA"]
[PlyCount "49"]
[EventDate "2019.02.28"]
[EventType "swiss"]
[EventCountry "IRL"]
[SourceTitle "playchess.com"]
[Source "ChessBase"]
[SourceQuality "1"]
[TimeControl "5400+30"]

1. d4 d5 2. c4 c6 3. cxd5 cxd5 4. Bg5 h6 5. Bh4 Qb6 6. Nc3 Qxb2 7. Nxd5 e6 8. Qc1 Bb4+ 9. Nxb4 Qxb4+ 10. Qd2 Nc6 11. e3 Nge7 12. Nf3 Nf5 13. Qxb4 Nxb4 14. Bb5+ Bd7 15. Bxd7+ Kxd7 16. Rb1 Nxh4 17. Ne5+ Ke7 18. Rxb4 Rab8 19. Kd2 Rhc8 20. Rc1 Rxc1 21. Kxc1 Rc8+ 22. Kd2 Rc7 23. g3 Nf5 24. f3 Nd6 25. a4 1/2-1/2

[Event "Irish International Open 2019"]
[Site "Dublin"]
[Date "2019.04.21"]
[Round "8.24"]
[White "Carroll, Peter"]
[Black "Larter, Nick J."]
[Result "1-0"]
[ECO "B21"]
[WhiteElo "2006"]
[BlackElo "1830"]
[Annotator "NA"]
[PlyCount "69"]
[EventDate "2019.02.28"]
[EventType "swiss"]
[EventCountry "IRL"]
[SourceTitle "playchess.com"]
[Source "ChessBase"]
[SourceQuality "1"]
[TimeControl "5400+30"]

1. e4 c5 2. d4 cxd4 3. c3 dxc3 4. Nxc3 e6 5. Nf3 a6 6. Bc4 b5 7. Bb3 d6 8. O-O Be7 9. Qe2 Ra7 10. Be3 Rd7 11. Rac1 Bb7 12. Rfd1 Nc6 13. Rd2 Na5 14. Bxe6 fxe6 15. Nd4 Bf6 16. Nxe6 Qc8 17. Rdc2 Qc4 18. Qg4 Re7 19. Nd5 Bxd5 20. Rxc4 Bxe6 21. Rc8+ Kf7 22. Qf3 Bxc8 23. Rxc8 Re8 24. Qh5+ g6 25. Qd5+ Re6 26. f4 Ne7 27. Rc7 Rc8 28. Ra7 Nac6 29. f5 gxf5 30. exf5 Nxa7 31. Qxe6+ Kg7 32. Bh6+ Kxh6 33. Qxf6+ Kh5 34. Qxe7 Rc1+ 35. Kf2 1-0

[Event "Irish International Open 2019"]
[Site "Dublin"]
[Date "2019.04.21"]
[Round "8.25"]
[White "Cafolla, Peter"]
[Black "Lundback, Anders"]
[Result "0-1"]
[ECO "B13"]
[WhiteElo "1949"]
[BlackElo "1806"]
[Annotator "NA"]
[PlyCount "78"]
[EventDate "2019.02.28"]
[EventType "swiss"]
[EventCountry "IRL"]
[SourceTitle "playchess.com"]
[Source "ChessBase"]
[SourceQuality "1"]
[TimeControl "5400+30"]

1. e4 c6 2. d4 d5 3. exd5 cxd5 4. c4 Nf6 5. Nc3 Nc6 6. Bg5 Qb6 7. Bxf6 exf6 8. Nxd5 Bb4+ 9. Nxb4 Qxb4+ 10. Qd2 Qxd2+ 11. Kxd2 Nxd4 12. Kc3 Nc6 13. Bd3 Ne5 14. Re1 Be6 15. Nf3 Nxf3 16. gxf3 O-O-O 17. f4 f5 18. Re5 g6 19. b4 Rd7 20. h4 Rhd8 21. Rh3 Rd4 22. Rf3 h5 23. a4 Kb8 24. c5 a5 25. bxa5 Rxa4 26. a6 bxa6 27. Rfe3 Ka7 28. c6 Kb6 29. c7 Kxc7 30. Bc2 Rc4+ 31. Kb2 Rd2 32. Rc3 Rxc3 33. Kxc3 Rxf2 34. Ba4 Rxf4 35. Be8 Rc4+ 36. Kd3 Rxh4 37. Bxf7 Bxf7 38. Re7+ Kc6 39. Rxf7 Rg4 0-1

[Event "Irish International Open 2019"]
[Site "Dublin"]
[Date "2019.04.21"]
[Round "8.26"]
[White "Plaza Reino, Mercedes"]
[Black "Moran, Hugh"]
[Result "1-0"]
[ECO "A55"]
[WhiteElo "1927"]
[BlackElo "1522"]
[Annotator "NA"]
[PlyCount "54"]
[EventDate "2019.02.28"]
[EventType "swiss"]
[EventCountry "IRL"]
[SourceTitle "playchess.com"]
[Source "ChessBase"]
[SourceQuality "1"]
[TimeControl "5400+30"]

1. d4 d6 2. c4 e5 3. Nf3 Nd7 4. Nc3 Ngf6 5. e4 Be7 6. Be2 O-O 7. O-O c6 8. Qc2 Qc7 9. a3 a5 10. Bd2 Ne8 11. b4 g6 12. Bh6 Ng7 13. Qd2 Re8 14. dxe5 dxe5 15. c5 Ne6 16. Bc4 Nf6 17. h3 Rd8 18. Qc2 Nd4 19. Nxd4 Rxd4 20. Qb3 Bf8 21. Be3 Rd8 22. f4 b5 23. cxb6 Qe7 24. Bc5 Qb7 25. fxe5 Bxc5+ 26. bxc5 Nxe4 27. Rxf7 Nd2 1-0

[Event "Irish International Open 2019"]
[Site "Dublin"]
[Date "2019.04.21"]
[Round "8.27"]
[White "Scallan, Fiachra"]
[Black "Phelan, Leo"]
[Result "1/2-1/2"]
[ECO "B40"]
[WhiteElo "1899"]
[BlackElo "1708"]
[Annotator "NA"]
[PlyCount "84"]
[EventDate "2019.02.28"]
[EventType "swiss"]
[EventCountry "IRL"]
[SourceTitle "playchess.com"]
[Source "ChessBase"]
[SourceQuality "1"]
[TimeControl "5400+30"]

1. e4 c5 2. Nf3 e6 3. c3 Nf6 4. Bd3 Nc6 5. Bc2 d5 6. e5 Nd7 7. d4 Qb6 8. O-O Be7 9. a3 O-O 10. b4 cxd4 11. cxd4 f6 12. Qd3 f5 13. Nc3 Re8 14. g4 Nf8 15. gxf5 exf5 16. Nxd5 Qd8 17. Nxe7+ Qxe7 18. Bg5 Qd7 19. Kh1 b6 20. Ba4 Bb7 21. Qc4+ Qe6 22. Qxe6+ Rxe6 23. d5 Nxe5 24. dxe6 Nxf3 25. Be3 Nxe6 26. Rfd1 f4 27. Bc1 b5 28. Bxb5 Nfd4+ 29. Kg1 Nxb5 30. Bb2 Kf8 31. h4 Rc8 32. Rac1 Rxc1 33. Rxc1 a6 34. Kh2 Nbd4 35. Kh3 f3 36. Rd1 Ne2 37. Rd7 Bc6 38. Rd6 Bb5 39. Kg4 N2f4 40. Kxf3 Ke7 41. Rd2 h6 42. Be5 Nd3 1/2-1/2

[Event "Irish International Open 2019"]
[Site "Dublin"]
[Date "2019.04.22"]
[Round "9.1"]
[White "Larino Nieto, David"]
[Black "Ruck, Robert"]
[Result "0-1"]
[ECO "A30"]
[WhiteElo "2434"]
[BlackElo "2522"]
[Annotator "ChessBase"]
[PlyCount "168"]
[EventDate "2019.02.28"]
[EventType "swiss"]
[EventCountry "IRL"]
[SourceTitle "playchess.com"]
[Source "ChessBase"]
[SourceQuality "1"]
[TimeControl "5400+30"]

1. b3 b6 2. Nf3 Bb7 3. e3 Nf6 4. Bb2 e6 5. c4 c5 6. Nc3 Be7 7. Be2 O-O 8. Qc2 d5 9. cxd5 exd5 10. d4 Nc6 11. Rd1 cxd4 12. Nxd4 Nxd4 13. Rxd4 Rc8 14. Qd3 Bc5 15. Ra4 Bc6 16. Nb5 Ne4 17. O-O Ra8 18. Ra6 Qd7 19. Nd4 Bb7 20. Ra4 a6 21. Nc2 Rfe8 22. f3 Nd6 23. Re1 a5 24. Bf1 Re6 25. Rh4 Rg6 26. a3 Qe7 27. Rh5 Ne8 28. Qd2 Nf6 29. Re5 Qc7 30. Bd3 Bd6 31. Bxg6 Bxe5 32. Bxe5 Qxe5 33. Bd3 g6 34. Nd4 Qe7 35. Qb2 Nd7 36. Bb5 Nc5 37. b4 axb4 38. axb4 Ne6 39. Nxe6 Qxe6 40. Qd4 Rc8 41. Ra1 Qd6 42. Bd3 Qc7 43. Rd1 Re8 44. Bb5 Re6 45. Ra1 Qe5 46. Qxe5 Rxe5 47. Ra7 d4 48. Bc4 dxe3 49. Rxb7 e2 50. Bxe2 Rxe2 51. Rxb6 Rb2 52. h4 h5 53. Kh2 Kg7 54. Kg3 f6 55. Rb7+ Kh6 56. f4 Rb3+ 57. Kh2 g5 58. hxg5+ fxg5 59. Rb6+ Kg7 60. f5 h4 61. b5 Kf7 62. Rb8 Kf6 63. Rf8+ Ke5 64. Rb8 Kxf5 65. Kg1 Kg4 66. b6 Kg3 67. Kf1 Rb1+ 68. Ke2 Rb2+ 69. Ke3 g4 70. b7 Rb1 71. Ke2 Rb6 72. Kf1 Rb2 73. Ke1 Rb5 74. Kf1 Rf5+ 75. Kg1 Rb5 76. Kf1 Rb4 77. Ke2 Rb1 78. Ke3 Rb2 79. Kd3 Kxg2 80. Rg8 g3 81. b8=Q Rxb8 82. Rxb8 Kh2 83. Ke3 g2 84. Rb2 Kh1 0-1

[Event "Irish International Open 2019"]
[Site "Dublin"]
[Date "2019.04.22"]
[Round "9.2"]
[White "Burg, Twan"]
[Black "Epishin, Vladimir"]
[Result "1/2-1/2"]
[ECO "B01"]
[WhiteElo "2519"]
[BlackElo "2568"]
[Annotator "ChessBase"]
[PlyCount "48"]
[EventDate "2019.02.28"]
[EventType "swiss"]
[EventCountry "IRL"]
[SourceTitle "playchess.com"]
[Source "ChessBase"]
[SourceQuality "1"]
[TimeControl "5400+30"]

1. e4 d5 2. exd5 Qxd5 3. Nc3 Qd6 4. d4 Nf6 5. Nf3 g6 6. h3 Bg7 7. Nb5 Qd8 8. Bf4 Na6 9. c4 Bf5 10. Be2 O-O 11. O-O c5 12. d5 Ne4 13. Qc1 Nd6 14. Nc3 Re8 15. Rd1 Qb6 16. g4 Bd7 17. Be5 f6 18. Bg3 Rad8 19. Bf1 f5 20. g5 e5 21. dxe6 Bxe6 22. Be5 Nf7 23. Bxg7 Nd6 24. Be5 Nb4 1/2-1/2

[Event "Irish International Open 2019"]
[Site "Dublin"]
[Date "2019.04.22"]
[Round "9.4"]
[White "Hovhannisyan, Mher"]
[Black "Jackson, James P"]
[Result "1-0"]
[ECO "E62"]
[WhiteElo "2462"]
[BlackElo "2388"]
[Annotator "ChessBase"]
[PlyCount "137"]
[EventDate "2019.02.28"]
[EventType "swiss"]
[EventCountry "IRL"]
[SourceTitle "playchess.com"]
[Source "ChessBase"]
[SourceQuality "1"]
[TimeControl "5400+30"]

1. Nf3 Nf6 2. d4 g6 3. g3 Bg7 4. Bg2 O-O 5. c4 d6 6. O-O Nc6 7. Nc3 e5 8. d5 Nb8 9. c5 Nbd7 10. cxd6 cxd6 11. a4 a5 12. Nd2 Nc5 13. Nc4 Ne8 14. Be3 b6 15. Ra3 Ba6 16. Bxc5 Bxc4 17. Be3 f5 18. Qd2 Nf6 19. Rc1 f4 20. gxf4 Ng4 21. Ne4 Nxe3 22. fxe3 Ba6 23. Ng5 exf4 24. exf4 Qf6 25. Rc7 Qxb2 26. Qxb2 Bxb2 27. Rb3 Bd4+ 28. e3 Bc5 29. Bh3 Bc8 30. Be6+ Bxe6 31. Nxe6 Rf7 32. Rc6 Rd7 33. Kg2 Kf7 34. Kf3 Re8 35. e4 Rxe6 36. dxe6+ Kxe6 37. Rd3 Rf7 38. Rc8 Kd7 39. Ra8 Kc6 40. h4 Kb7 41. Re8 Kc6 42. Rb3 Bb4 43. Rc8+ Kd7 44. Rc2 Ke6 45. Rd3 Bc5 46. Rd5 Kd7 47. h5 Kc6 48. Rb2 Rg7 49. Rg5 Bd4 50. Rc2+ Bc5 51. f5 b5 52. axb5+ Kxb5 53. hxg6 hxg6 54. fxg6 Kb4 55. e5 Kb3 56. Rh2 a4 57. Rh7 a3 58. Rxg7 a2 59. Rb7+ Kc3 60. g7 a1=Q 61. g8=Q Qf1+ 62. Kg4 Qg2+ 63. Kh5 Qh1+ 64. Kg6 Qxb7 65. Rg3+ Kb2 66. Qc4 dxe5 67. Qxc5 Qe4+ 68. Kg7 Qb7+ 69. Kf6 1-0

[Event "Irish International Open 2019"]
[Site "Dublin"]
[Date "2019.04.22"]
[Round "9.5"]
[White "De Verdier, Michael"]
[Black "Strikovic, Aleksa"]
[Result "0-1"]
[ECO "E62"]
[WhiteElo "2306"]
[BlackElo "2493"]
[Annotator "ChessBase"]
[PlyCount "112"]
[EventDate "2019.02.28"]
[EventType "swiss"]
[EventCountry "IRL"]
[SourceTitle "playchess.com"]
[Source "ChessBase"]
[SourceQuality "1"]
[TimeControl "5400+30"]

1. Nf3 Nf6 2. c4 d6 3. g3 g6 4. Bg2 Bg7 5. O-O O-O 6. d4 c6 7. Nc3 Qb6 8. c5 dxc5 9. Na4 Qd8 10. Nxc5 Nbd7 11. Nd3 a5 12. a4 Nb8 13. Re1 Bf5 14. Nc5 b6 15. e4 bxc5 16. exf5 gxf5 17. dxc5 Qxd1 18. Rxd1 Nd5 19. Nd4 e6 20. Bf4 Rc8 21. Bd6 Na6 22. Rac1 Nab4 23. Bf1 Ra7 24. h3 Bf8 25. Bc4 Be7 26. Kg2 Kf8 27. Kf3 Rd7 28. Bxe7+ Rxe7 29. g4 fxg4+ 30. hxg4 Kg7 31. Kg3 Nf6 32. f3 Nbd5 33. Re1 Ra7 34. f4 Ne7 35. Rcd1 Rd7 36. Nb3 Nfd5 37. Bxd5 cxd5 38. Nxa5 Rb8 39. f5 Ra7 40. Rf1 f6 41. g5 Nxf5+ 42. Rxf5 exf5 43. Nc6 Rb3+ 44. Kf4 Rxa4+ 45. Kxf5 Rf3+ 46. Ke6 fxg5 47. Rxd5 Ra6 48. Rd7+ Kg6 49. Kd5 Rd3+ 50. Nd4 g4 51. Ke4 Rd1 52. b4 g3 53. Rd8 Kh5 54. Kf3 Ra3+ 55. Kg2 Rd2+ 56. Kh3 Rh2# 0-1

[Event "Irish International Open 2019"]
[Site "Dublin"]
[Date "2019.04.22"]
[Round "9.6"]
[White "Thorfinnsson, Bjorn"]
[Black "Burns-Mannion, Stephen"]
[Result "1/2-1/2"]
[ECO "D02"]
[WhiteElo "2399"]
[BlackElo "2285"]
[Annotator "NA"]
[PlyCount "128"]
[EventDate "2019.02.28"]
[EventType "swiss"]
[EventCountry "IRL"]
[SourceTitle "playchess.com"]
[Source "ChessBase"]
[SourceQuality "1"]
[TimeControl "5400+30"]

1. d4 d5 2. Nf3 Nf6 3. c3 Bf5 4. Bf4 e6 5. Nbd2 h6 6. Qb3 Qc8 7. c4 c6 8. h3 Be7 9. g4 Bh7 10. Bg2 O-O 11. Rc1 $11 Nbd7 12. Ne5 Nxe5 13. dxe5 dxc4 14. Nxc4 Nd5 15. Bd2 Nb6 16. Nxb6 axb6 17. Qxb6 Rxa2 18. O-O Qa8 19. Bc3 g5 20. Rfd1 Rd8 21. Qc7 Rxd1+ 22. Rxd1 Ra1 23. Rxa1 Qxa1+ 24. Kh2 Bf8 25. Qxb7 c5 26. e3 Qa4 27. Qa8 Qxa8 28. Bxa8 Bd3 29. Bc6 Be7 30. Ba5 f6 31. Bc7 fxe5 32. Bxe5 Kf7 33. Kg2 Bf8 34. Kg3 Be7 35. Bg2 Bc2 36. Bf1 Be4 37. f3 Bc2 38. Bc4 Bf8 39. Kf2 Ke7 40. Bc3 Kd7 41. b3 Bg6 42. Ke2 Be7 43. Bg7 h5 44. gxh5 Bxh5 45. Kf2 Kd6 46. Kg3 e5 47. Bg8 Be8 48. Bh7 Bf7 49. Bc2 Be6 50. Bh6 Kc6 51. Bd1 Kd6 52. Bg7 Bf7 53. Kg4 Be6+ 54. Kh5 Bxh3 55. Bh6 Be6 56. Bxg5 Bxg5 57. Kxg5 c4 58. b4 c3 59. Kf6 Bc4 60. Bc2 Bd5 61. f4 exf4 62. exf4 Bc4 63. f5 Kc6 64. Ke7 Kb5 1/2-1/2

[Event "Irish International Open 2019"]
[Site "Dublin"]
[Date "2019.04.22"]
[Round "9.7"]
[White "Pulkkinen, Kari"]
[Black "Longson, Alexander"]
[Result "1/2-1/2"]
[ECO "B13"]
[WhiteElo "2265"]
[BlackElo "2318"]
[Annotator "NA"]
[PlyCount "31"]
[EventDate "2019.02.28"]
[EventType "swiss"]
[EventCountry "IRL"]
[SourceTitle "playchess.com"]
[Source "ChessBase"]
[SourceQuality "1"]
[TimeControl "5400+30"]

1. e4 c6 2. d4 d5 3. exd5 cxd5 4. c4 Nf6 5. Nc3 Nc6 6. Nf3 Bg4 7. cxd5 Nxd5 8. Qb3 Bxf3 9. gxf3 e6 10. Qxb7 Nxd4 11. Bb5+ Nxb5 12. Qc6+ Ke7 13. Qxb5 Qd7 14. Nxd5+ Qxd5 15. Qxd5 $11 exd5 16. Be3 1/2-1/2

[Event "Irish International Open 2019"]
[Site "Dublin"]
[Date "2019.04.22"]
[Round "9.9"]
[White "Murray, David"]
[Black "Fitzsimons, David"]
[Result "0-1"]
[ECO "B07"]
[WhiteElo "2152"]
[BlackElo "2299"]
[Annotator "NA"]
[PlyCount "64"]
[EventDate "2019.02.28"]
[EventType "swiss"]
[EventCountry "IRL"]
[SourceTitle "playchess.com"]
[Source "ChessBase"]
[SourceQuality "1"]
[TimeControl "5400+30"]

1. e4 d6 2. d4 Nf6 3. Nc3 g6 4. Bg5 c6 5. Qd2 Nbd7 6. f4 d5 7. e5 Ne4 8. Nxe4 dxe4 9. Bc4 f6 10. Bh4 Bh6 11. Ne2 Nb6 12. Bb3 fxe5 13. dxe5 Qxd2+ 14. Kxd2 Bg4 $11 15. g3 Rd8+ 16. Ke3 Nd5+ 17. Bxd5 Rxd5 18. h3 Bf3 19. Rhd1 Rxe5 20. Rd2 O-O 21. Rd7 g5 22. fxg5 Rxg5 23. Rxe7 Rxg3+ 24. Kd4 Rd8+ 25. Kc3 Rxh3 26. Rg1+ Kf8 27. Nd4 Rxh4 28. Rxb7 Bg4 29. Rxa7 Be3 30. Rf1+ Kg8 31. Nxc6 Rc8 32. Ra6 Be2 0-1

[Event "Irish International Open 2019"]
[Site "Dublin"]
[Date "2019.04.22"]
[Round "9.10"]
[White "Longson, Sarah N"]
[Black "Brady, Stephen"]
[Result "1/2-1/2"]
[ECO "B01"]
[WhiteElo "2123"]
[BlackElo "2301"]
[Annotator "NA"]
[PlyCount "130"]
[EventDate "2019.02.28"]
[EventType "swiss"]
[EventCountry "IRL"]
[SourceTitle "playchess.com"]
[Source "ChessBase"]
[SourceQuality "1"]
[TimeControl "5400+30"]

1. e4 d5 2. exd5 Qxd5 3. Nc3 Qa5 4. d4 Nf6 5. Bc4 Bf5 6. Bd2 c6 7. Nd5 Qd8 8. Nxf6+ gxf6 9. Nf3 Nd7 10. c3 Nb6 11. Bb3 e6 12. Qe2 Bd6 13. Nh4 Bg6 14. g3 $16 Qc7 15. c4 c5 16. d5 O-O-O 17. Nxg6 hxg6 18. dxe6 Rhe8 19. O-O-O Rxe6 20. Qg4 f5 21. Qg5 Re4 22. Rhe1 Rde8 23. Rxe4 Rxe4 24. Re1 Rxe1+ 25. Bxe1 Qc6 26. Qe3 Kd7 27. h4 f4 28. Qe2 Qh1 29. Kd1 Kc7 30. Qe8 Qf3+ 31. Qe2 Qxe2+ 32. Kxe2 fxg3 33. fxg3 Be5 34. g4 Nd7 35. Bc3 Bxc3 36. bxc3 Kd6 37. Ke3 Ke5 38. Ba4 Nf6 39. Kf3 Ne4 40. h5 gxh5 41. gxh5 f5 42. Bc2 Ng5+ 43. Kg3 Nf7 44. Kf3 Nh6 45. Bd3 Nf7 46. Bc2 Ng5+ 47. Kg3 Nf7 48. Kf3 Nh6 49. Bd3 Ng4 50. Bc2 b6 51. Bd3 Nh6 52. Bc2 Nf7 53. Bd3 Ng5+ 54. Kg3 Nf7 55. Kf3 Nh6 56. Bc2 a6 57. Bd3 Ng8 58. Bc2 Nh6 59. Bd3 Nf7 60. Bc2 Nd8 61. Bd3 Kf6 62. Kf4 Ne6+ 63. Kf3 Nd8 64. h6 Ke5 65. Kg3 Ne6 1/2-1/2

[Event "Irish International Open 2019"]
[Site "Dublin"]
[Date "2019.04.22"]
[Round "9.11"]
[White "Horvath, Gabor"]
[Black "Fox, Anthony"]
[Result "1/2-1/2"]
[ECO "C92"]
[WhiteElo "2252"]
[BlackElo "2031"]
[Annotator "NA"]
[PlyCount "85"]
[EventDate "2019.02.28"]
[EventType "swiss"]
[EventCountry "IRL"]
[SourceTitle "playchess.com"]
[Source "ChessBase"]
[SourceQuality "1"]
[TimeControl "5400+30"]

1. e4 e5 2. Nf3 Nc6 3. Bb5 a6 4. Ba4 Nf6 5. O-O Be7 6. Re1 b5 7. Bb3 d6 8. c3 O-O 9. h3 Bb7 10. d4 Re8 11. Nbd2 Bf8 12. d5 Nb8 13. Nf1 Nbd7 14. Ng3 Nc5 15. Bc2 {[%emt 0:00:09] C92: Closed Ruy Lopez: 9...Be6, Karpov and Flohr-Zaitsev Variations} c6 16. b4 Ncd7 17. dxc6 Bxc6 18. Bb3 h6 19. Nh2 {[%emt 0:05:57] [#]} (19. Nh4 a5 20. a3 Nb6 21. Ng6 axb4 22. cxb4 d5 23. Nxf8 Kxf8 24. Bxh6 gxh6 {½-½ (154) Wang,H (2709)-Grischuk,A (2772) Huaian 2017}) 19... g6 $146 (19... a5 $11 {keeps the balance.}) ({Predecessor:} 19... Nb6 20. Ng4 Nc4 21. a4 {½-½ (21) Shomoev,A (2567)-Nyback,T (2644) Budva 2009}) 20. Ng4 Nxg4 $16 21. hxg4 Qh4 22. Qf3 Qf6 23. Qe2 Qh4 24. Qf3 Qf6 25. Qd1 Qh4 26. Nf1 Nf6 27. f3 Nd7 28. g3 Qe7 29. Be3 Red8 30. Qd2 g5 31. Bf2 Nf6 32. Ne3 Qb7 33. Rad1 Rac8 34. Qd3 Rd7 35. Rd2 Rcd8 36. Bd5 Rc8 37. Rc1 Rdc7 38. Rdc2 Nxd5 39. exd5 Bd7 40. Qe4 Qb8 41. a3 Qb7 42. c4 Qb8 43. Kg2 1/2-1/2